 Dungeon Crawl Stone Soup version 0.28-a0-1182-g381e24db82 (webtiles) character file.

Game seed: 3728232236514975323

2543 bearlyready the Destroyer (level 9, -9/91 (93) HPs)
             Began as a Yellow Draconian Conjurer on Dec 16, 2021.
             Was a Follower of Vehumet.
             Mangled by a komodo dragon (21 damage)
             ... on level 8 of the Dungeon.
             The game lasted 00:14:38 (10301 turns).

bearlyready the Destroyer (DrCj)                   Turns: 10301, Time: 00:14:38

HP:   -9/91 (93)    AC: 24    Str:  9    XL:     9   Next: 30%
MP:   9/16          EV:  2    Int: 22    God:    Vehumet [*.....]
Gold: 653           SH:  0    Dex: 11    Spells: 11/18 levels left

rFire   . . .      SeeInvis .   j - +0 whip
rCold   . . .      Faith    .   (no shield)
rNeg    . . .      Spirit   .   (armour unavailable)
rPois   +          Reflect  .   (helmet currently unavailable)
rElec   .          Harm     .   (cloak currently unavailable)
rCorr   .          Rampage  .   (gloves currently unavailable)
Will    .....      NoTele   +   (boots currently unavailable)
Stlth   ++........              (no amulet)
HPRegen 0.25/turn               y - ring of poison resistance
MPRegen 0.15/turn               (no ring)

@: tree-form, lightly drained
A: stationary, stasis, torment immunity, boosted hp, (spit acid), AC +7,
unfitting armour, (cold-blooded), (acid resistance)
a: Renounce Religion


You were on level 8 of the Dungeon.
You worshipped Vehumet.
Vehumet was aware of your devotion.
You were a tree.
You visited 2 branches of the dungeon, and saw 9 of its levels.

You collected 653 gold pieces.

Inventory:

Hand Weapons
 j - a +0 whip (weapon)
 r - a +0 morningstar
 E - a +2 mace of pain
 H - a +2 flail of holy wrath
Missiles
 f - 46 poisoned darts
 k - 3 throwing nets
 p - 6 datura-tipped darts
 G - a curare-tipped dart
Armour
 a - a +0 cloak
 b - a +0 pair of gloves (melded)
 A - a +0 pair of boots (melded)
 I - a +1 cloak (melded)
Jewellery
 y - a ring of poison resistance (left branch)
Wands
 u - a wand of iceblast (5)
 w - a wand of flame (17)
Scrolls
 c - a scroll of enchant weapon {unknown}
 d - 3 scrolls of teleportation
 e - a scroll of blinking {unknown}
 g - 3 scrolls of silence
 h - a scroll of fear {unknown}
 l - a scroll of immolation
 m - a scroll of amnesia {unknown}
 n - a scroll of identify {unknown}
 o - a scroll of magic mapping {unknown}
 x - 2 scrolls of acquirement {unknown}
 F - a scroll of fog {unknown}
Potions
 i - a potion of brilliance
 q - 2 potions of haste {unknown}
 s - 2 potions of flight {unknown}
 t - 4 potions of curing {unknown}
 v - a potion of heal wounds {unknown}
 z - a potion of mutation {unknown}
 B - a potion of might {unknown}
 D - a potion of resistance {unknown}


   Skills:
 - Level 1.7 Dodging
 - Level 1.7 Stealth
 + Level 5.0 Spellcasting
 + Level 10.2 Conjurations
 - Level 6.0 Hexes


You had 11 spell levels left.
You knew the following spells:

 Your Spells              Type           Power      Damage    Failure   Level
a - Magic Dart            Conj           100%       1d8       1%          1
b - Searing Ray           Conj           100%       2d8       1%          2
c - Fulminant Prism       Conj/Hex       20%        3d13      3%          4

Your spell library contained the following spells:

 Spells                   Type           Power      Damage    Failure   Level
 Sandblast                Erth           10%        2d5       10%         1
 Dazzling Flash           Conj/Hex       82%        N/A       1%          3
 Conjure Flame            Conj/Fire      28%        6-21      3%          3
 Iskenderun's Mystic Bla  Conj/Tloc      28%        2d7       12%         4
 Sticky Flame             Conj/Fire      28%        2d5       12%         4
 Ignite Poison            Fire/Tmut/Pois 5%         N/A       30%         3


Dungeon Overview and Level Annotations

Branches:
Dungeon (8/15)             Temple (1/1) D:6
   Lair: D:8-11

Altars:
Ashenzari
Cheibriados
Dithmenos
Fedhas
Gozag
Hepliaklqana
Kikubaaqudgha
Makhleb
Nemelex Xobeh
Okawaru
Qazlal
Ru
Sif Muna
Trog
Uskayaw
Vehumet
Wu Jian
Xom
Yredelemnul
Zin
The Shining One


Innate Abilities, Weirdness & Mutations

You are a tree.
Your roots penetrate the ground, keeping you stationary.
You cannot be teleported.
You are immune to unholy pain and torment.
Your maximum health is greatly increased.
Your equipment is partially melded.
((You can spit globs of acid.))
((Your golden yellow scales are hard. (AC +7)))
You cannot fit into any form of body armour.
((You are cold-blooded and may be slowed by cold attacks.))
((You are resistant to acid. (rCorr)))


Message History

You tail-slap the komodo dragon, but do no damage.
The komodo dragon is heavily wounded.
The komodo dragon barely misses you.
You hit the komodo dragon but do no damage.
The komodo dragon is heavily wounded.
The komodo dragon bites you!
You hit the komodo dragon.
The komodo dragon is heavily wounded.
The komodo dragon closely misses you.
You hit the komodo dragon but do no damage.
The komodo dragon is heavily wounded.
The komodo dragon bites you but does no damage.
The komodo dragon bites you!!
You closely miss the komodo dragon.
The komodo dragon is heavily wounded.
The komodo dragon bites you!
* * * LOW HITPOINT WARNING * * *
Really quaff the potion of lignification?
You turn into a tree.
Your +1 cloak melds into your body.
Your +0 pair of gloves melds into your body.
Your +0 pair of boots melds into your body.
Your roots penetrate the ground.
The komodo dragon bites you but does no damage.
Casting: Searing Ray (safe; 1% risk of failure)
Confirm with . or Enter, or press ? or * to list all spells.
Aiming: Searing Ray (safe; 1% risk of failure)
Press: ? - help, Shift-Dir - straight line, f/p - komodo dragon
Aim: a komodo dragon (heavily wounded, 87% to hit)
The searing ray hits the komodo dragon.
The komodo dragon is severely wounded. (Press . to maintain the ray.)
The komodo dragon bites you but does no damage.
The searing ray hits the komodo dragon!
The komodo dragon is almost dead.
The komodo dragon bites you!
* * * LOW HITPOINT WARNING * * *
The searing ray hits the komodo dragon.
The komodo dragon is almost dead.
The komodo dragon bites you!!
You die...

##.### .#... +#########
#....###...<#. .........#
#....... #... .........#
#.....# #...
.........####.....# #...
+................#####...
#....<.....).)......'...
....####l......))######...
. #.♣......##........
#........##........
...##...#####........ ....
#.#.# #...(....
PPP......#.# #........
PP..P#...#.# #.......)
PPPP##...#.# #........
#### ## #........
#........


You could see a komodo dragon.

Vanquished Creatures
  A wyvern (D:7)
  2 steam dragons
  2 orc warriors
  An ogre (D:6)
  2 centaurs
  A phantom (D:4)
  A kobold brigand (D:8)
  A bullfrog (D:6)
  4 scorpions
  A water moccasin zombie (D:6)
  4 killer bees (D:7)
  4 wights (D:8)
  2 centaur zombies
  2 centaur skeletons
  4 orc priests
  4 hounds
  A jelly (D:6)
  2 bullfrog skeletons
  4 iguanas
  An orc wizard (D:5)
  A scorpion zombie (D:5)
  A killer bee zombie (D:7)
  A hound skeleton (D:4)
  7 gnolls
  7 adders
  2 white imps (D:7)
  An ufetubus (D:4)
  A worm (D:2)
  7 dart slugs
  10 orcs
  3 ball pythons
  4 endoplasms
  4 giant cockroaches
  8 hobgoblins
  3 jackals (D:1)
  4 quokkas
  5 bats
  2 frilled lizards (D:1)
  6 goblins
  12 kobolds
  7 rats
140 creatures vanquished.

Vanquished Creatures (others)
  11 fulminant prisms
  13 plants (D:8)
  5 toadstools (D:4)
29 creatures vanquished.

Grand Total: 169 creatures vanquished

Notes
Turn   | Place    | Note
-------+----------+-------------------------------------------
     0 | D:1      | bearlyready the Draconian Conjurer began the quest for the
                  | Orb.
     0 | D:1      | Reached XP level 1. HP: 14/14 MP: 3/3
    28 | D:1      | You fall into a shaft and drop 1 floor!
   480 | D:2      | Reached XP level 2. HP: 20/20 MP: 1/5
   501 | D:2      | Learned a level 2 spell: Searing Ray
  1002 | D:2      | Reached skill level 5 in Conjurations
  1002 | D:2      | Reached XP level 3. HP: 22/26 MP: 1/6
  1526 | D:1      | Reached XP level 4. HP: 31/33 MP: 7/7
  1620 | D:1      | Learned a level 4 spell: Fulminant Prism
  1948 | D:1      | Found a faded altar of an unknown god.
  2719 | D:2      | Reached skill level 1 in Hexes
  3053 | D:3      | Reached skill level 6 in Conjurations
  3359 | D:3      | Reached XP level 5. HP: 36/38 MP: 3/8
  3666 | D:4      | HP: 2/57 [poisoned by a scorpion]
  4236 | D:4      | Reached XP level 6. HP: 35/45 MP: 3/9
  4630 | D:4      | Found a blossoming altar of Fedhas.
  4854 | D:4      | Found an iron altar of Okawaru.
  5209 | D:5      | Entered Level 5 of the Dungeon
  5228 | D:5      | Reached skill level 7 in Conjurations
  5584 | D:5      | Your scales start taking on a golden yellow colour.
  5584 | D:5      | Reached XP level 7. HP: 7/50 MP: 1/10
  5584 | D:5      | Gained mutation: You are resistant to acid. (rCorr) [Yellow
                  | Draconian growth]
  6640 | D:5      | Found a burning altar of Makhleb.
  6643 | D:5      | Found a shimmering altar of Xom.
  6646 | D:5      | Found a stormy altar of Qazlal.
  6777 | D:6      | Found a staircase to the Ecumenical Temple.
  6802 | Temple   | Entered the Ecumenical Temple
  6809 | Temple   | Became a worshipper of Vehumet
  7260 | D:6      | Reached skill level 8 in Conjurations
  7265 | D:6      | Reached skill level 5 in Hexes
  7265 | D:6      | Reached XP level 8. HP: 57/57 MP: 4/11
  8297 | D:7      | Reached skill level 9 in Conjurations
  8367 | D:7      | Found an opulent altar of Gozag.
  9097 | D:7      | Identified the +3 helmet of the Skies Above {Harm Str+4}
  9258 | D:7      | Reached XP level 9. HP: 60/62 MP: 3/15
  9812 | D:8      | Reached skill level 10 in Conjurations
  9977 | D:8      | Reached * piety under Vehumet
  9977 | D:8      | Offered knowledge of Sandblast by Vehumet.
 10142 | D:8      | Reached skill level 5 in Spellcasting
 10272 | D:8      | Noticed a komodo dragon
 10301 | D:8      | Mangled by a komodo dragon

Illustrated notes

Levels and vault maps discovered:
D:1:      dpeg_arrival_windows_large_door, layout_loops_cross,
          chequers_ecumenical_altar_island, serial_bayou_lagoon_a
D:2:      layout_basic, minmay_misc_feat_hallway
D:3:      layout_loops_ring, nicolae_concentric_dashed_squares_mild
D:4:      layout_loops_cross, mainiacjoe_overflow_big_doors,
          minmay_gold_behind_fungi, chequers_mini_garden
D:5:      minmay_general_purpose_star, layout_loops_ring,
          grunt_temple_overflow_diamond
D:6:      layout_loops_ring, minmay_temple_entry_statues_pillars
D:7:      layout_gridville, grunt_gozag_statues
D:8:      layout_basic, david_lair_shrubbed, minivault_1,
          ebering_dispersal_statue_hall, grunt_decor_cap, glass_columns_b,
          nicolae_concentric_dashed_squares_wild
Temple:   nicolae_temple_no_exploring_needed

Skill      XL: |  1  2  3  4  5  6  7  8  9 |
---------------+----------------------------+-----
Conjurations   | 5 6 7 8 9 10 | 10.2
Hexes          | 1 2 3 5 6 |  6.0
Spellcasting   | 4 5 |  5.0
Dodging        | |  1.7
Stealth        | |  1.7

Action                   |  1- 3 |  4- 6 |  7- 9 || total
-------------------------+-------+-------+-------++-------
Melee: Unarmed           |   124 |   158 |       ||   282
       Tailslap          |    11 |    34 |    22 ||    67
       Whip              |       |   159 |   220 ||   379
 Cast: Magic Dart        |    14 |     2 |     3 ||    19
       Searing Ray       |     8 |    24 |    27 ||    59
       Fulminant Prism   |       |       |    11 ||    11
 Abil: Breathe Acid      |       |       |     9 ||     9
  Use: Potion            |       |     4 |     1 ||     5
       Scroll            |       |       |     3 ||     3
 Stab: Sleeping          |     1 |     2 |     1 ||     4
       Distracted        |       |     1 |       ||     1
Armor: Skin              |    55 |   149 |   154 ||   358
Dodge: Dodged            |    95 |   229 |   238 ||   562

Table legend: (Time is in decaauts)
 A = Elapsed time spent in this place.
 B = Non-inter-level travel time spent in this place.
 C = Inter-level travel time spent in this place.
 D = Time resting spent in this place.
 E = Time spent auto-exploring this place.
 F = Levels seen in this place.
 G = Mean time per level.
                   A        B        C        D        E       F      G
               +--------+--------+--------+--------+--------+-----+--------+
         Total |  10363 |  10116 |    247 |    474 |   7885 |   9 | 1151.4 |
       Dungeon |  10348 |  10101 |    247 |    474 |   7885 |   8 | 1293.5 |
        Temple |     14 |     14 |      0 |      0 |      0 |   1 |   14.0 |
               +--------+--------+--------+--------+--------+-----+--------+

Top non-repeatable levels by time:
     D:2: 1659 daAuts
     D:7: 1568 daAuts
     D:5: 1460 daAuts
     D:6: 1454 daAuts
     D:4: 1345 daAuts
     D:1: 1204 daAuts
     D:3: 1035 daAuts
     D:8: 619 daAuts
  Temple: 14 daAuts
